3L
LAS VEGAS FLAMINGOS @ ROCKY MOUNTAIN NUGGETS
08/14/2024
 
TOP OF THE 1ST
Las Vegas Flamingos batting - Pitching for Rocky Mountain Nuggets : RHP Félix Jiménez
Pitching: RHP Félix Jiménez
Batting: RHB Sake van Arem 0-0: Ball
1-0: Ball
2-0: Ball
3-0: Called Strike
3-1: Called Strike
3-2: Strikes out swinging
Batting: LHB Job Pels 0-0: Called Strike
0-1: Foul Ball, location: 2F
0-2: Foul Ball, location: 2F
0-2: Foul Ball, location: 2F
0-2: Strikes out swinging wild pitch, reaches first!
Batting: RHB Jeff Young 0-0: Ball
1-0: Swinging Strike
1-1: Called Strike
1-2: Strikes out looking
Batting: LHB Chris McKinney 0-0: Called Strike
0-1: Foul Ball, location: 2F
0-2: Strikes out looking
Top of the 1st over - 0 run(s), 0 hit(s), 0 error(s), 1 left on base; Las Vegas 0 - Rocky Mountain 0
BOTTOM OF THE 1ST
Rocky Mountain Nuggets batting - Pitching for Las Vegas Flamingos : RHP David Collingwood
Pitching: RHP David Collingwood
Batting: RHB Mark Melton 0-0: Called Strike
0-1: Called Strike
0-2: Strikes out swinging
Batting: SHB Juan Sánchez 0-0: Ball
1-0: Ball
2-0: Called Strike
2-1: Swinging Strike
2-2: Foul Ball, location: 2F
2-2: Ground out 4-3 (Groundball, 4)
Batting: RHB Paul Smith 0-0: Ball
1-0: Ball
2-0: Called Strike
2-1: Ground out 5-3 (Groundball, 56S)
Bottom of the 1st over - 0 run(s), 0 hit(s), 0 error(s), 0 left on base; Las Vegas 0 - Rocky Mountain 0
TOP OF THE 2ND
Las Vegas Flamingos batting - Pitching for Rocky Mountain Nuggets : RHP Félix Jiménez
Batting: RHB John Aston 0-0: Ball
1-0: Swinging Strike
1-1: Ball
2-1: Foul Ball, location: 2F
2-2: Ball
3-2: SINGLE (Groundball, 56D)
Batting: LHB Jake Shelton 0-0: Called Strike
0-1: Grounds into double play, 4-6-3 (Groundball, 34)
Batting: RHB Ángel López 0-0: Ball
1-0: Ball
2-0: Called Strike
2-1: Swinging Strike
2-2: Ground out 5-3 (Groundball, 5S)
Top of the 2nd over - 0 run(s), 1 hit(s), 0 error(s), 0 left on base; Las Vegas 0 - Rocky Mountain 0
BOTTOM OF THE 2ND
Rocky Mountain Nuggets batting - Pitching for Las Vegas Flamingos : RHP David Collingwood
Batting: LHB Randy Bowen 0-0: Ball
1-0: Ground out 4-3 (Groundball, 4)
Batting: RHB Donald Thompson 0-0: Ball
1-0: Ball
2-0: Ground out 5-3 (Groundball, 5)
Batting: LHB Javier Sánchez 0-0: Ball
1-0: Ball
2-0: Ball
3-0: Base on Balls
Batting: RHB Iván Vega 0-0: Called Strike
0-1: Swinging Strike
0-2: Fielders Choice at 2nd, 4-6 (Groundball, 6M)
Bottom of the 2nd over - 0 run(s), 0 hit(s), 0 error(s), 0 left on base; Las Vegas 0 - Rocky Mountain 0
TOP OF THE 3RD
Las Vegas Flamingos batting - Pitching for Rocky Mountain Nuggets : RHP Félix Jiménez
Batting: RHB Terry Sylvester 0-0: Ball
1-0: Ball
2-0: Ball
3-0: Called Strike
3-1: Base on Balls
Batting: LHB Sinclair van Kooten 0-0: Ball
1-0: Foul Ball, location: 2F
Balk!
Terry Sylvester to second
1-1: Foul Ball, location: 2F
1-2: Foul Ball, location: 2F
1-2: Strikes out swinging
Batting: RHB Sake van Arem 0-0: Swinging Strike
0-1: Called Strike
0-2: Foul Ball, location: 2F
0-2: Foul Ball, location: 2F
0-2: Foul Ball, location: 2F
0-2: Ball
1-2: Strikes out swinging
Batting: LHB Job Pels 0-0: Called Strike
0-1: Called Strike
0-2: Ball
1-2: Strikes out swinging
Top of the 3rd over - 0 run(s), 0 hit(s), 0 error(s), 1 left on base; Las Vegas 0 - Rocky Mountain 0
BOTTOM OF THE 3RD
Rocky Mountain Nuggets batting - Pitching for Las Vegas Flamingos : RHP David Collingwood
Batting: LHB Juan Ríos 0-0: Called Strike
0-1: SOLO HOME RUN (Flyball, 89XD), Distance : 425 ft
Batting: RHB Javier Martínez 0-0: Ball
1-0: Ball
2-0: Called Strike
2-1: Swinging Strike
2-2: Ground out 5-3 (Groundball, 5L)
Batting: RHB Mark Melton 0-0: Called Strike
0-1: Ball
1-1: Ball
2-1: Ball
3-1: Foul Ball, location: 2F
3-2: Foul Ball, location: 2F
3-2: Base on Balls
Batting: SHB Juan Sánchez 0-0: Ball
1-0: Ball
2-0: Called Strike
2-1: Fielders Choice at 2nd, 1-4 (Groundball, 13S)
Batting: RHB Paul Smith 0-0: Called Strike
0-1: Ball
1-1: Ball
2-1: Ball
3-1: SINGLE (Line Drive, 78S)
Juan Sánchez to second
Batting: LHB Randy Bowen 0-0: Foul Ball, location: 2F
0-1: Ball
1-1: Ball
2-1: SINGLE (Groundball, 34D)
Juan Sánchez to third
Paul Smith to second
Runner from 3rd tries for Home, SAFE, throw made home
Paul Smith to third
Randy Bowen to second
Batting: RHB Donald Thompson 0-0: Ball
1-0: Foul Ball, location: 2F
1-1: Foul Ball, location: 2F
1-2: Ball
2-2: Fly out, F8 (Flyball, 89M)
Bottom of the 3rd over - 2 run(s), 3 hit(s), 0 error(s), 2 left on base; Las Vegas 0 - Rocky Mountain 2
TOP OF THE 4TH
Las Vegas Flamingos batting - Pitching for Rocky Mountain Nuggets : RHP Félix Jiménez
Batting: RHB Jeff Young 0-0: Called Strike
0-1: Ground out 5-3 (Groundball, 15S)
Batting: LHB Chris McKinney 0-0: Swinging Strike
0-1: Ball
1-1: Ball
2-1: Ball
3-1: Base on Balls
Batting: RHB John Aston 0-0: Ball
1-0: Foul Ball, location: 2F
1-1: Called Strike
1-2: Ball
2-2: Ball
3-2: Foul Ball, location: 2F
3-2: Foul Ball, location: 2F
3-2: Base on Balls
Chris McKinney to second
Batting: LHB Jake Shelton 0-0: Ball
1-0: Ball
2-0: Ball
3-0: Called Strike
3-1: Called Strike
3-2: Fly out, F6 (Popup, 7LS)
Batting: RHB Ángel López 0-0: Called Strike
0-1: Ball
1-1: Foul Ball, location: 2F
1-2: SINGLE (Groundball, 56)
Chris McKinney to third
John Aston to second
Runner from 3rd tries for Home, SAFE, no throw or cutoff
Batting: RHB Terry Sylvester 0-0: Called Strike
0-1: Swinging Strike
0-2: Foul Ball, location: 2F
0-2: Ball
1-2: Foul Ball, location: 2F
1-2: Ball
2-2: Strikes out swinging
Top of the 4th over - 1 run(s), 1 hit(s), 0 error(s), 2 left on base; Las Vegas 1 - Rocky Mountain 2
BOTTOM OF THE 4TH
Rocky Mountain Nuggets batting - Pitching for Las Vegas Flamingos : RHP David Collingwood
Batting: LHB Javier Sánchez 0-0: Called Strike
0-1: Called Strike
0-2: Ball
1-2: Ground out 4-3 (Groundball, 4M)
Batting: RHB Iván Vega 0-0: Ball
1-0: SINGLE (Line Drive, 6MD)
Batting: LHB Juan Ríos 0-0: Ball
1-0: Ball
2-0: Called Strike
2-1: Ball
3-1: Base on Balls
Iván Vega to second
Batting: RHB Javier Martínez 0-0: Ball
1-0: Called Strike
1-1: Called Strike
1-2: Foul Ball, location: 2F
1-2: SINGLE (Line Drive, 5L)
Iván Vega to third
Juan Ríos to second
Batting: RHB Mark Melton 0-0: Ball
1-0: Called Strike
1-1: Foul Ball, location: 2F
1-2: Foul Ball, location: 2F
1-2: Foul Ball, location: 2F
1-2: Foul Ball, location: 2F
1-2: Ball
2-2: Foul Ball, location: 2F
2-2: Foul Ball, location: 2F
2-2: Ball
3-2: Foul Ball, location: 2F
3-2: Base on Balls
Iván Vega scores
Juan Ríos to third
Javier Martínez to second
Batting: SHB Juan Sánchez 0-0: Swinging Strike
0-1: Ball
1-1: Grounds into double play, 1-2-3 (Groundball, 13S)
Bottom of the 4th over - 1 run(s), 2 hit(s), 0 error(s), 2 left on base; Las Vegas 1 - Rocky Mountain 3
TOP OF THE 5TH
Las Vegas Flamingos batting - Pitching for Rocky Mountain Nuggets : RHP Félix Jiménez
Batting: LHB Sinclair van Kooten 0-0: Foul Ball, location: 2F
0-1: Ground out U3 (Groundball, 3S)
Batting: RHB Sake van Arem 0-0: Called Strike
0-1: Fly out, F8 (Flyball, 8RM)
Batting: LHB Job Pels 0-0: Ball
1-0: Ball
2-0: Called Strike
2-1: Ball
3-1: Base on Balls
Batting: RHB Jeff Young 0-0: Called Strike
0-1: Called Strike
0-2: Ball
1-2: Strikes out swinging
Top of the 5th over - 0 run(s), 0 hit(s), 0 error(s), 1 left on base; Las Vegas 1 - Rocky Mountain 3
BOTTOM OF THE 5TH
Rocky Mountain Nuggets batting - Pitching for Las Vegas Flamingos : RHP David Collingwood
Batting: RHB Paul Smith 0-0: Ball
1-0: Ball
2-0: Ball
3-0: Called Strike
3-1: Base on Balls
Batting: LHB Randy Bowen 0-0: Called Strike
0-1: Fly out, F8 (Line Drive, 89D)
Batting: RHB Donald Thompson 0-0: Ball
1-0: Fly out, F1 (Popup, 25F)
Batting: LHB Javier Sánchez 0-0: Called Strike
0-1: Foul Ball, location: 2F
0-2: Ball
1-2: Ball
2-2: Foul Ball, location: 2F
2-2: SINGLE (Line Drive, 4D)
Paul Smith to second
Batting: RHB Iván Vega 0-0: Swinging Strike
0-1: Foul Ball, location: 2F
0-2: Ball
1-2: Ball
2-2: Foul Ball, location: 2F
2-2: Foul Ball, location: 2F
2-2: Strikes out looking
Bottom of the 5th over - 0 run(s), 1 hit(s), 0 error(s), 2 left on base; Las Vegas 1 - Rocky Mountain 3
TOP OF THE 6TH
Las Vegas Flamingos batting - Pitching for Rocky Mountain Nuggets : RHP Félix Jiménez
Batting: LHB Chris McKinney 0-0: Foul Ball, location: 2F
0-1: Ball
1-1: Called Strike
1-2: Foul Ball, location: 2F
1-2: Strikes out swinging
Batting: RHB John Aston 0-0: Ball
1-0: Ball
2-0: Called Strike
2-1: Ball
3-1: Foul Ball, location: 2F
3-2: Strikes out swinging
Batting: LHB Jake Shelton 0-0: Ground out 3-1 (Groundball, 34S)
Top of the 6th over - 0 run(s), 0 hit(s), 0 error(s), 0 left on base; Las Vegas 1 - Rocky Mountain 3
BOTTOM OF THE 6TH
Rocky Mountain Nuggets batting - Pitching for Las Vegas Flamingos : RHP David Collingwood
Batting: LHB Juan Ríos 0-0: Ball
1-0: Ball
2-0: Ball
3-0: Foul Ball, location: 2F
3-1: Foul Ball, location: 2F
3-2: Strikes out looking
Batting: RHB Javier Martínez 0-0: Called Strike
0-1: Swinging Strike
0-2: Ball
1-2: Foul Ball, location: 2F
1-2: Ball
2-2: DOUBLE (Flyball, 8LM)
Pitching: LHP Shunen Takahashi
Batting: RHB Mark Melton 0-0: Called Strike
0-1: Ball
1-1: Foul Ball, location: 2F
1-2: SINGLE (Line Drive, 6D)
Javier Martínez to third
Runner from 3rd tries for Home, SAFE, no throw or cutoff
Batting: SHB Juan Sánchez 0-0: Ball
1-0: Ball
2-0: Ball
3-0: Called Strike
3-1: Base on Balls
Mark Melton to second
Batting: RHB Paul Smith 0-0: Ball
1-0: Ball
2-0: Foul Ball, location: 2F
2-1: Fielders Choice at 3rd, U5 (Groundball, 5L)
Juan Sánchez to second
Batting: LHB Randy Bowen 0-0: Ball
1-0: Ball
2-0: Foul Ball, location: 2F
2-1: Ball
3-1: Foul Ball, location: 2F
3-2: Base on Balls
Juan Sánchez to third
Paul Smith to second
Batting: RHB Donald Thompson 0-0: Foul Ball, location: 2F
0-1: Foul Ball, location: 2F
0-2: Foul Ball, location: 2F
0-2: Strikes out swinging
Bottom of the 6th over - 1 run(s), 2 hit(s), 0 error(s), 3 left on base; Las Vegas 1 - Rocky Mountain 4
TOP OF THE 7TH
Las Vegas Flamingos batting - Pitching for Rocky Mountain Nuggets : RHP Félix Jiménez
Batting: RHB Ángel López 0-0: Fly out, F9 (Flyball, 9LM)
Pitching: LHP Alfonso Zapata
Batting: RHB Terry Sylvester 0-0: Ball
1-0: Foul Ball, location: 2F
1-1: Foul Ball, location: 2F
1-2: Ball
2-2: Foul Ball, location: 2F
2-2: Ball
3-2: Strikes out swinging
Batting: LHB Sinclair van Kooten 0-0: Foul Ball, location: 2F
0-1: Swinging Strike
0-2: Strikes out looking
Top of the 7th over - 0 run(s), 0 hit(s), 0 error(s), 0 left on base; Las Vegas 1 - Rocky Mountain 4
BOTTOM OF THE 7TH
Rocky Mountain Nuggets batting - Pitching for Las Vegas Flamingos : LHP Shunen Takahashi
Batting: LHB Javier Sánchez 0-0: Ball
1-0: Called Strike
1-1: Called Strike
1-2: Strikes out swinging
Batting: RHB Iván Vega 0-0: Called Strike
0-1: Called Strike
0-2: Ball
1-2: Fly out, F7 (Flyball, 7S)
Batting: LHB Juan Ríos 0-0: Called Strike
0-1: Swinging Strike
0-2: Ball
1-2: Strikes out looking
Bottom of the 7th over - 0 run(s), 0 hit(s), 0 error(s), 0 left on base; Las Vegas 1 - Rocky Mountain 4
TOP OF THE 8TH
Las Vegas Flamingos batting - Pitching for Rocky Mountain Nuggets : LHP Alfonso Zapata
Batting: RHB Sake van Arem 0-0: Ball
1-0: Swinging Strike
1-1: Fly out, F8 (Flyball, 8LM)
Batting: LHB Job Pels 0-0: Ball
1-0: Foul Ball, location: 2F
1-1: Foul Ball, location: 2F
1-2: Ball
2-2: Ground out 4-3 (Groundball, 34)
Batting: RHB Jeff Young 0-0: Called Strike
0-1: Swinging Strike
0-2: Foul Ball, location: 2F
0-2: Ball
1-2: Ground out 6-3 (Groundball, 6M)
Top of the 8th over - 0 run(s), 0 hit(s), 0 error(s), 0 left on base; Las Vegas 1 - Rocky Mountain 4
BOTTOM OF THE 8TH
Rocky Mountain Nuggets batting - Pitching for Las Vegas Flamingos : LHP Shunen Takahashi
Batting: RHB Javier Martínez 0-0: Ball
1-0: Ball
2-0: Fly out, F8 (Flyball, 8RXD)
Batting: RHB Mark Melton 0-0: Called Strike
0-1: Swinging Strike
0-2: Ball
1-2: Ball
2-2: Ball
3-2: Base on Balls
Batting: SHB Juan Sánchez 0-0: DOUBLE (Line Drive, 7D)
Mark Melton to third
Batting: RHB Paul Smith 0-0: Intentional Walk
Pinch Hitting: RHB Michael Riley 0-0: Foul Ball, location: 2F
0-1: Ball
1-1: Ball
2-1: Ball
3-1: Base on Balls
Mark Melton scores
Juan Sánchez to third
Paul Smith to second
Batting: RHB Donald Thompson 0-0: Called Strike
0-1: Ball
1-1: Ball
2-1: Foul Ball, location: 2F
2-2: Strikes out looking
Batting: LHB Javier Sánchez 0-0: Called Strike
0-1: Fly out, F7 (Line Drive, 78M)
Bottom of the 8th over - 1 run(s), 1 hit(s), 0 error(s), 3 left on base; Las Vegas 1 - Rocky Mountain 5
TOP OF THE 9TH
Las Vegas Flamingos batting - Pitching for Rocky Mountain Nuggets : LHP Alfonso Zapata
Now at SS: Mike Green
Batting: LHB Chris McKinney 0-0: Ball
1-0: Ball
2-0: Ball
3-0: Called Strike
3-1: Foul Ball, location: 2F
3-2: Base on Balls
Batting: RHB John Aston 0-0: Ball
1-0: Swinging Strike
1-1: Ball
2-1: Grounds into double play, 6-4-3 (Groundball, 6)
Batting: LHB Jake Shelton 0-0: Foul Ball, location: 2F
0-1: Ball
1-1: Foul Ball, location: 2F
1-2: SINGLE (Groundball, 4MD)
Batting: RHB Ángel López 0-0: Ball
1-0: Foul Ball, location: 2F
1-1: Fly out, F4 (Line Drive, 4M)
Top of the 9th over - 0 run(s), 1 hit(s), 0 error(s), 1 left on base; Las Vegas 1 - Rocky Mountain 5
This league is powered by Out of the Park Baseball, the baseball management simulation game for PC, Mac and Linux
Monday, October 3rd, 2016 - OOTP Baseball 16.9 Build 39